 Dungeon Crawl Stone Soup version 0.26.1-2-gb8aa6d0cf2 (webtiles) character file.

Game seed: 16089941382619041831

471 H0rd4k the Charlatan (level 7, -1/52 HPs)
             Began as a Human Artificer on Feb 10, 2021.
             Slain by an elf skeleton (5 damage)
             ... on level 4 of the Dungeon.
             The game lasted 00:06:03 (5440 turns).

H0rd4k the Charlatan (Human Artificer)              Turns: 5440, Time: 00:06:04

Health: -1/52      AC:  3    Str: 14    XL:     7   Next: 31%
Magic:  7/7        EV: 12    Int: 12    God:
Gold:   205        SH:  0    Dex: 13    Spells: 6/6 levels left

rFire    . . .     SeeInvis .   q - +0 rapier
rCold    . . .     Faith    .   (no shield)
rNeg     . . .     Spirit   .   b - +0 leather armour
rPois    .         Reflect  .   (no helmet)
rElec    .         Harm     .   (no cloak)
rCorr    .         Rampage  .   (no gloves)
Will     .....                  (no boots)
Stlth    ++........             (no amulet)
HPRegen  0.17/turn              (no ring)
MPRegen  0.10/turn              (no ring)

@: no status effects
A: no striking features
a: no special abilities


You were on level 4 of the Dungeon.
You visited 1 branch of the dungeon, and saw 4 of its levels.

You collected 205 gold pieces.

Inventory:

Hand Weapons
 a - a +0 club
 i - a +0 dagger
 q - a +0 rapier (weapon)
Missiles
 h - 24 poisoned darts (quivered)
Armour
 b - a +0 leather armour (worn)
Wands
 d - a wand of enslavement (19)
 e - a wand of random effects (3)
Scrolls
 f - 8 scrolls of identify {unknown}
 g - a scroll of remove curse {unknown}
 k - 3 scrolls of immolation {unknown}
 l - 5 scrolls of teleportation {unknown}
 m - a scroll of noise {unknown}
 o - 2 scrolls of blinking {unknown}
 p - a scroll of fog {unknown}
 u - a scroll of fear {unknown}
Potions
 j - 2 potions of ambrosia {unknown}
 n - 2 potions of curing {unknown}
 r - a potion of flight {unknown}
 s - a potion of might {unknown}
 t - 2 potions of haste {unknown}


   Skills:
 + Level 3.0 Fighting
 + Level 3.9 Short Blades
 + Level 0.8 Throwing
 + Level 3.3 Armour
 + Level 2.0 Dodging
 + Level 2.5 Stealth
 + Level 3.9 Evocations


You had 6 spell levels left.
You didn't know any spells.
Your spell library was empty.

Dungeon Overview and Level Annotations

Branches:
Dungeon (4/15)
 Temple: D:4-7

Altars:
Kikubaaqudgha

Portals:
Ossuary: D:4

Annotations:
D:2 1 runed translucent door, exclusion: door, Crazy Yiuf
D:4 2 transporters


Message History

The now-empty wand crumbles to dust.
You don't have any such object.
Evoke which item? (* to show all) (? for menu, Esc to quit)
Okay, then.
The elf skeleton hits you.
* * * LOW HITPOINT WARNING * * *
There is an open door here.
You hear the brisk hiss of an avalanche of sand.
There is an open door here.
Aiming: Random Effects
Press: ? - help, Shift-Dir - straight line, f/p - elf skeleton
Aim: an elf skeleton (almost destroyed)
The elf skeleton barely resists.
You hit the elf skeleton.
The elf skeleton is almost destroyed.
The elf skeleton hits you but does no damage.
You hit the elf skeleton.
The elf skeleton is almost destroyed.
The elf skeleton hits you.
You die...

..# #.........# ..#
.# #########..##.#
.# #∩#.# ##©#©.#
#'#'#+# #.##..# #
#.'...+ #..##:#^
###...# ##..#.#.
+...+ #.##..
#####'#+# #.##.###
#.'@Z.# #.####..
#.##### #.......
#.#############..#..
#...........###.....
#######.........###.
#.....##### #.....#
##### ###.....#
##### #...#
#.......#


You could see an elf skeleton.

Vanquished Creatures
  An elf zombie (D:4)
  A scorpion (D:4)
  A hound (D:4)
  Ijyb (D:3)
  2 human skeletons (D:4)
  A worker ant (D:4)
  A hound zombie (D:2)
  Robin (D:3)
  2 gnolls (D:3)
  8 adders
  2 oozes
  An adder skeleton (D:4)
  3 dart slugs
  2 leopard geckos
  8 orcs
  2 giant cockroaches
  10 hobgoblins
  4 jackals (D:2)
  5 kobolds
  2 quokkas
  4 bats
  3 frilled lizards
  13 goblins
  8 rats (D:1)
86 creatures vanquished.

Vanquished Creatures (collateral kills)
  A gnoll (D:3)
  2 orcs (D:4)
  A hobgoblin (D:3)
4 creatures vanquished.

Vanquished Creatures (others)
  A gnoll (D:3)
  An adder (D:3)
  A fungus (D:2)
3 creatures vanquished.

Grand Total: 93 creatures vanquished

Notes
Turn   | Place    | Note
-------+----------+-------------------------------------------
     0 | D:1      | H0rd4k the Human Artificer began the quest for the Orb.
     0 | D:1      | Reached XP level 1. HP: 15/15 MP: 1/1
   223 | D:1      | Reached XP level 2. HP: 17/21 MP: 2/2
  1192 | D:1      | Reached XP level 3. HP: 16/26 MP: 3/3
  2165 | D:2      | Reached XP level 4. HP: 28/32 MP: 4/4
  2397 | D:2      | Found a runed translucent door.
  2398 | D:2      | Noticed Crazy Yiuf
  2472 | D:2      | Reached skill level 1 in Short Blades
  3054 | D:3      | Reached XP level 5. HP: 20/38 MP: 5/5
  3262 | D:3      | Noticed Ijyb
  3461 | D:3      | Noticed Robin
  3715 | D:3      | Killed Robin
  4311 | D:3      | Reached XP level 6. HP: 34/44 MP: 6/6
  4413 | D:3      | Found an ancient bone altar of Kikubaaqudgha.
  4752 | D:3      | Killed Ijyb
  5232 | D:4      | Found a transporter.
  5261 | D:4      | Found a transporter.
  5316 | D:4      | Reached XP level 7. HP: 31/51 MP: 7/7
  5419 | D:4      | Found a sand-covered staircase.
  5440 | D:4      | Slain by an elf skeleton

Illustrated notes

Levels and vault maps discovered:
D:1:      minmay_arrival_nine_rooms, layout_loops_ring
D:2:      layout_loops_ring, uniq_crazy_yiuf_cottage
D:3:      layout_loops_ring, lemuel_round_altar, bh_walls_and_bars, uniq_robin,
          uniq_ijyb
D:4:      layout_basic, nicolae_ossuary_entry_catacombs,
          gammafunk_ghost_abyssal_escape

Skill      XL: |  1  2  3  4  5  6  7 |
---------------+----------------------+-----
Short Blades   | 1 2 3 |  3.9
Armour         | 3 |  3.3
Fighting       | 2 3 |  3.0
Stealth        | 2 |  2.5
Dodging        | 2 |  2.0
Throwing       | |  0.8
Evocations     | |  3.9

Action                   |  1- 3 |  4- 6 |  7- 9 || total
-------------------------+-------+-------+-------++-------
Melee: Club              |    17 |       |       ||    17
       Dagger            |   150 |    33 |       ||   183
       Rapier            |       |   171 |    43 ||   214
Throw: Dart              |       |    13 |       ||    13
Evoke: Wand              |     2 |    22 |     8 ||    32
 Stab: Sleeping          |     4 |     1 |       ||     5
       Distracted        |       |     1 |       ||     1
       Confused          |       |     2 |       ||     2
Armor: Leather armour    |    52 |    28 |     9 ||    89
Dodge: Dodged            |    96 |   118 |    12 ||   226
